 Dungeon Crawl Stone Soup version 0.31-a0-145-g046c7d2549 (webtiles) character file.

Game seed: 15232802002370675579

4 Irreverend the Trooper (level 1, 0/18 HPs)
             Began as a Demonspawn Fighter on June 5, 2023.
             Slain by a jackal (3 damage)
             ... on level 1 of the Dungeon.
             The game lasted 00:00:18 (130 turns).

Irreverend the Trooper (Demonspawn Fighter)          Turns: 130, Time: 00:00:18

Health: 0/18       AC:  6    Str: 16    XL:     1   Next: 50%
Magic:  1/1        EV:  8    Int:  9    God:
Gold:   0          SH:  4    Dex: 12    Spells: 0/0 levels left

rFire   . . .        a - +0 flail
rCold   . . .        c - +0 buckler
rNeg    . . .        b - +0 scale mail
rPois   .            (no helmet)
rElec   .            (no cloak)
rCorr   .            (no gloves)
SInv    .            (no boots)
Will    .....        (no amulet) Stlth
                     (no ring)
HPRegen 0.23/turn    (no ring)
MPRegen 0.07/turn

%: no passive effects
@: no status effects
A: no striking features
a: no special abilities


You were on level 1 of the Dungeon.
You visited 1 branch of the dungeon, and saw 1 of its levels.

Inventory:

Hand Weapons
 a - a +0 flail (weapon)
Armour
 b - a +0 scale mail (worn)
 c - a +0 buckler (worn)
Potions
 d - a potion of might


   Skills:
 + Level 3.0 Fighting
 * Level 1.9 Maces & Flails
 + Level 2.7 Armour
 + Level 2.7 Shields


You couldn't memorise any spells.
You didn't know any spells.
Your spell library was empty.

Dungeon Overview and Level Annotations

Branches:
Dungeon (1/15)

Altars:


Message History

The rat bites you.
* * * LOW HITPOINT WARNING * * *
You block the jackal's attack. The jackal attacks as you move away!
The jackal misses you. The jackal attacks as you move away!
The jackal barely misses you. The rat bites you.
* * * LOW HITPOINT WARNING * * *
The jackal attacks as you move away! The jackal closely misses you.
The rat attacks as you move away! You block the rat's attack.
The jackal bites you but does no damage.
The jackal attacks as you move away!
The jackal bites you but does no damage.
You completely miss the jackal. You block the jackal's attack. x2
You sock the jackal!
You kill the jackal!
The jackal bites you but does no damage.
You barely miss the jackal. You block the jackal's attack.
The jackal bites you but does no damage.
You barely miss the jackal. The jackal bites you.
* * * LOW HITPOINT WARNING * * *
The jackal bites you.
* * * LOW HITPOINT WARNING * * *
You completely miss the jackal.
The jackal bites you but does no damage. x2
You barely miss the jackal.
The jackal bites you but does no damage. x2
You sock the jackal!
You kill the jackal!
The rat bites you.
* * * LOW HITPOINT WARNING * * *
You sock the rat!
You kill the rat!
You barely miss the jackal.
The jackal is severely wounded.
The jackal bites you but does no damage.
The jackal barely misses you.
You barely miss the jackal.
The jackal is severely wounded.
The jackal barely misses you. The jackal bites you.
You die...

##.#...######
####...........
.............# #..†......#
♣♣♣ #...# ♣♣♣♣8♣♣♣♣ #...#
♣♣.......♣ #.#...#
♣♣.♣♣♣♣♣♣♣.
#.##h####♣♣.♣♣.....♣♣
#.##@##..♣.♣♣.♣♣♣♣..♣
####.##.##..♣.♣.♣♣...♣♣.
...........♣♣.♣.♣.♣♣.8♣.
####.##....♣8.♣.♣.♣8.♣♣.
#.###...♣♣.♣.♣.♣♣....
#..####........♣.♣.♣♣..♣♣♣8
........#####..♣.♣♣.♣♣...♣♣
#..####.### ###♣♣.♣♣.♣♣♣♣..
#.....# #♣♣.♣♣...♣♣8


You could see a jackal.

Vanquished Creatures
  2 jackals (D:1)
  2 rats (D:1)
4 creatures vanquished.

Notes
Turn   | Place    | Note
-------+----------+-------------------------------------------
     0 | D:1      | Irreverend the Demonspawn Fighter began the quest for the
                  | Orb.
     0 | D:1      | Reached XP level 1. HP: 18/18 MP: 1/1
   130 | D:1      | Slain by a jackal

Illustrated notes

Levels and vault maps discovered:
D:1:      nagdon_arrival_double_spiral, layout_loops_ring, minmay_tromino_i2

Action                     || total
---------------------------++-------
  Melee: Flail             ||    17
 Armour: Scale mail        ||    25
  Dodge: Dodged            ||    18
  Block: Buckler           ||    11

Table legend: (Time is in decaauts)
 A = Elapsed time spent in this place.
 B = Non-inter-level travel time spent in this place.
 C = Inter-level travel time spent in this place.
 D = Time resting spent in this place.
 E = Time spent auto-exploring this place.
 F = Levels seen in this place.
 G = Mean time per level.
                   A        B        C        D        E       F      G
               +--------+--------+--------+--------+--------+-----+--------+
         Total |    135 |    135 |      0 |      0 |    107 |   1 |  135.0 |
       Dungeon |    135 |    135 |      0 |      0 |    107 |   1 |  135.0 |
               +--------+--------+--------+--------+--------+-----+--------+

Top non-repeatable levels by time:
     D:1: 135 daAuts
